 Dungeon Crawl Stone Soup version 0.29-a0-341-g24ffce5b50 (webtiles) character file.

Game seed: 5276241416793004840

53 HendSelp the Insei (level 4, 0/35 HPs)
             Began as a Human Monk on Apr 20, 2022.
             Slain by a goblin
             ... wielding a +0 dagger
             ... led by Robin
              (1 damage)
             ... on level 2 of the Dungeon.
             The game lasted 00:01:26 (1585 turns).

HendSelp the Insei (Human Monk)                     Turns: 1585, Time: 00:01:27

Health: 0/35       AC:  2    Str: 14    XL:     4   Next: 11%
Magic:  4/4        EV: 13    Int: 10    God:
Gold:   75         SH:  5    Dex: 15    Spells: 3/3 levels left

rFire   . . .      SeeInvis .     - Unarmed
rCold   . . .      Faith    .   (no shield)
rNeg    . . .      Spirit   .   a - +0 robe
rPois   .          Reflect  +   (no helmet)
rElec   .          Harm     .   (no cloak)
rCorr   .          Rampage  .   (no gloves)
Will    .....                   (no boots)
Stlth   ++........              f - amulet of reflection
HPRegen 0.11/turn               (no ring)
MPRegen 0.09/turn               (no ring)

@: no status effects
A: no striking features
a: no special abilities


You were on level 2 of the Dungeon.
You visited 1 branch of the dungeon, and saw 2 of its levels.

You collected 75 gold pieces.

Inventory:

Armour
 a - a +0 robe (worn)
Jewellery
 f - an amulet of reflection (around neck)
Scrolls
 c - a scroll of magic mapping
 g - a scroll of enchant weapon {unknown}
 h - a scroll of identify
 i - a scroll of noise {unknown}
Potions
 d - 2 potions of invisibility
 e - a potion of heal wounds {unknown}


   Skills:
 * Level 3.3 Fighting
 * Level 0.6 Armour
 * Level 3.6 Dodging
 - Level 2.0 Stealth
 * Level 3.7 Unarmed Combat


You had 3 spell levels left.
You didn't know any spells.
Your spell library was empty.

Dungeon Overview and Level Annotations

Branches:
Dungeon (2/15)

Altars:


Message History

The goblin completely misses you.
You hit the goblin.
The goblin is almost dead.
The goblin barely misses you.
You hit the goblin.
You kill the goblin!
You closely miss the goblin. The goblin hits you with a +0 dagger.
You block the goblin's attack.
Items here: ))) [[ ††.
You hit the goblin.
You kill the goblin!
The goblin hits you with a +0 dagger.
You closely miss the hobgoblin. You block the goblin's attack.
The hobgoblin hits you.
* * * LOW HITPOINT WARNING * * *
You hit the hobgoblin.
The hobgoblin is heavily wounded.
The goblin hits you with a +0 dagger.
* * * LOW HITPOINT WARNING * * *
The hobgoblin hits you.
* * * LOW HITPOINT WARNING * * *
You hit the hobgoblin.
You kill the hobgoblin!
The goblin hits you with a +0 dagger.
* * * LOW HITPOINT WARNING * * *
You closely miss the goblin. The goblin hits you with a +0 dagger.
* * * LOW HITPOINT WARNING * * *
The goblin hits you but does no damage.
You miss the goblin. The goblin closely misses you.
You block the goblin's attack.
You closely miss the goblin. The goblin closely misses you.
The goblin hits you but does no damage.
You closely miss the goblin. The goblin hits you with a +0 dagger.
* * * LOW HITPOINT WARNING * * *
The goblin barely misses you.
You closely miss the goblin. You hit the goblin.
The goblin is heavily wounded.
The goblin hits you with a +0 dagger.
You die...

# # # ##### ###
.. .. ..# gg .###
#.# #g ..# #.#
#.. #.# ..# #
#.##.##### ###
#.$.#.....g@.# #
#.....###g# #
#..#...#$#### #.#
# #..##.##.# #)#
# #...#.#..# #.#
# #.... ...# #.#
#
#...###..######.#
#
#....#...#......#
#
#..†#.#..#.######


You could see 2 goblins.

Vanquished Creatures
  Robin (D:2)
  A worm (D:2)
  2 ball pythons (D:2)
  2 giant cockroaches (D:1)
  12 goblins
  3 hobgoblins
  4 jackals (D:1)
  A quokka (D:1)
  4 bats
  2 frilled lizards
  A kobold (D:1)
  2 rats (D:2)
35 creatures vanquished.

Notes
Turn   | Place    | Note
-------+----------+-------------------------------------------
     0 | D:1      | HendSelp the Human Monk began the quest for the Orb.
     0 | D:1      | Reached XP level 1. HP: 18/18 MP: 1/1
   184 | D:1      | Reached XP level 2. HP: 24/24 MP: 2/2
  1115 | D:1      | Reached XP level 3. HP: 23/29 MP: 3/3
  1533 | D:2      | Noticed Robin
  1567 | D:2      | Killed Robin
  1568 | D:2      | Reached XP level 4. HP: 22/35 MP: 4/4
  1583 | D:2      | HP: 1/35 [goblin/+0 dagger[Robin] (3)]
  1585 | D:2      | Slain by a goblin

Illustrated notes

Levels and vault maps discovered:
D:1:      amcnicky_arrival_choice, layout_basic, chequers_serial_rivers_small_3
D:2:      layout_basic, serial_shops, shop, chequers_serial_rivers_micro_e,
          minmay_ruptured, uniq_robin

Action                   |  1- 3 |  4- 6 || total
-------------------------+-------+-------++-------
Melee: Unarmed           |   114 |    17 ||   131
       Punch             |     2 |       ||     2
  Use: Scroll            |     3 |       ||     3
       Potion            |     1 |       ||     1
 Stab: Sleeping          |     6 |       ||     6
       Distracted        |     1 |       ||     1
Armor: Robe              |    26 |     2 ||    28
Dodge: Dodged            |    84 |     8 ||    92
Block: Other             |     6 |     3 ||     9

Table legend: (Time is in decaauts)
 A = Elapsed time spent in this place.
 B = Non-inter-level travel time spent in this place.
 C = Inter-level travel time spent in this place.
 D = Time resting spent in this place.
 E = Time spent auto-exploring this place.
 F = Levels seen in this place.
 G = Mean time per level.
                   A        B        C        D        E       F      G
               +--------+--------+--------+--------+--------+-----+--------+
         Total |   1579 |   1556 |     23 |      0 |   1274 |   2 |  789.5 |
       Dungeon |   1579 |   1556 |     23 |      0 |   1274 |   2 |  789.5 |
               +--------+--------+--------+--------+--------+-----+--------+

Top non-repeatable levels by time:
     D:1: 1355 daAuts
     D:2: 223 daAuts
